 Dungeon Crawl Stone Soup version 0.30-a0-779-g7971cf19c3 (webtiles) character file.

Game seed: 14392436211741312829

26 Smoke131 the Trooper (level 3, -1/37 HPs)
             Began as an Ogre Gladiator on Feb 17, 2023.
             Slain by an adder (3 damage)
             ... on level 1 of the Dungeon.
             The game lasted 00:01:43 (708 turns).

Smoke131 the Trooper (Ogre Gladiator)                Turns: 708, Time: 00:01:44

Health: -1/37      AC:  3    Str: 18    XL:     3   Next: 8%
Magic:  3/3        EV: 10    Int:  9    God:
Gold:   48         SH:  0    Dex: 12    Spells: 2/2 levels left

rFire   . . .      SeeInvis .    a - +0 war axe
rCold   . . .      Faith    .    (no shield)
rNeg    . . .      Spirit   .    b - +0 robe
rPois   .          Reflect  .    c - +0 hat
rElec   .          Harm     .    (no cloak)
rCorr   .          Rampage  .    (gloves unavailable)
Will    .....                    (boots unavailable)
Stlth   +                        (no amulet)
HPRegen 0.26/turn                (no ring)
MPRegen 0.08/turn                (no ring)

@: lethally poisoned (-1 -> -4)
A: large, unfitting armour, tough skin 1
a: no special abilities


You were on level 1 of the Dungeon.
You visited 1 branch of the dungeon, and saw 2 of its levels.

You collected 48 gold pieces.

Inventory:

Hand Weapons
 a - a +0 war axe (weapon)
Missiles
 d - 3 throwing nets
 e - a large rock
 j - 4 boomerangs (quivered)
Armour
 b - a +0 robe (worn)
 c - a +0 hat (worn)
Scrolls
 g - a scroll of identify {unknown}
 h - 2 scrolls of magic mapping {unknown}
Potions
 f - a potion of heal wounds {unknown}
 i - a potion of attraction {unknown}


   Skills:
 + Level 3.3 Fighting
 + Level 3.3 Axes
 + Level 2.4 Throwing
 + Level 3.0 Dodging


You had 2 spell levels left.
You didn't know any spells.
Your spell library contained the following spells:

 Spells                   Type           Power      Damage    Failure   Level
 Apportation              Tloc           0%         N/A       38%         1
 Shock                    Conj/Air       0%         1d3       38%         1
 Swiftness                Air            0%         N/A       77%         3
 Airstrike                Air            0%         2d(0-16)  99%         4
 Alistair's Intoxication  Tmut/Pois      0%         N/A       100%        5


Dungeon Overview and Level Annotations

Branches:
Dungeon (2/15)

Altars:


Innate Abilities, Weirdness & Mutations

You are too large for most types of armour.
You have tough skin. (AC +1)


Message History

* * * LOW HITPOINT WARNING * * *
Throw: 4 boomerangs
Press: ? - help, Q - select action, (/) - cycle Shift-Dir - straight line, f/p - adder
Aim: an adder (heavily wounded, 40% to hit)
You throw a boomerang. The boomerang misses the adder.
The adder barely misses you.
Throw: 4 boomerangs
Press: ? - help, Q - select action, (/) - cycle Shift-Dir - straight line, f/p - adder
Aim: an adder (heavily wounded, 40% to hit)
You throw a boomerang. The boomerang barely misses the adder.
The adder bites you.
* * * LOW HITPOINT WARNING * * *
The adder bites you but does no damage.
Throw: 4 boomerangs
Press: ? - help, Q - select action, (/) - cycle Shift-Dir - straight line, f/p - adder
Aim: an adder (heavily wounded, 40% to hit)
You throw a boomerang. The boomerang closely misses the adder.
The adder bites you but does no damage.
Throw: 4 boomerangs
Press: ? - help, Q - select action, (/) - cycle Shift-Dir - straight line, f/p - adder
Aim: an adder (heavily wounded, 40% to hit)
You throw a boomerang. The boomerang hits the adder.
The adder is severely wounded.
The adder barely misses you. x2
Throw: 4 boomerangs
Press: ? - help, Q - select action, (/) - cycle Shift-Dir - straight line, f/p - adder
Aim: an adder (severely wounded, 40% to hit)
You throw a boomerang. The boomerang barely misses the adder.
The adder bites you.
* * * LOW HITPOINT WARNING * * *
You are lethally poisoned!
The adder poisons you! The adder closely misses you.
Throw: 4 boomerangs
Press: ? - help, Q - select action, (/) - cycle Shift-Dir - straight line, f/p - adder
Aim: an adder (severely wounded, 40% to hit)
You throw a boomerang. The boomerang hits the adder.
The adder is almost dead.
* * * LOW HITPOINT WARNING * * *
You feel sick. The adder bites you.
You die...

...##.........#.........## #.
#....###..#####.........# ####.
........................#####....
.....###....###.........##.......
.....# #.....#..........##.......
.....#
#...#.#.....รท....##.......
.....# #...#.....#.....###.......
...### #...#####...#.#.###.......
...# ##### #@S......).[......
...##### #......####...####
+#.....### #......# #...#
.#.......# #......# #####
.........# #......# ...#'#...#
#...#### ...#.#...# #......##
...#.##### ##...##..## ...#.#
#....#....#


You could see an adder.

Vanquished Creatures
  6 endoplasms (D:1)
  2 giant cockroaches (D:1)
  3 hobgoblins (D:1)
  2 ball pythons (D:1)
  3 bats (D:1)
  A frilled lizard (D:1)
  3 goblins (D:1)
  A kobold (D:1)
  3 rats (D:1)
24 creatures vanquished.

Notes
Turn   | Place    | Note
-------+----------+-------------------------------------------
     0 | D:1      | Smoke131 the Ogre Gladiator began the quest for the Orb.
     0 | D:1      | Reached XP level 1. HP: 22/22 MP: 1/1
   198 | D:1      | Reached XP level 2. HP: 17/31 MP: 2/2
   462 | D:1      | Reached XP level 3. HP: 32/37 MP: 3/3
   708 | D:1      | Slain by an adder

Illustrated notes

Levels and vault maps discovered:
D:1:      amcnicky_arrival_flooded_fountain, layout_basic, minmay_tiny_reverse_x
D:2:      layout_rooms, minmay_octomino_c4, uniq_natasha

Skill      XL: |  1  2  3 |
---------------+----------+-----
Fighting       | 3 |  3.3
Dodging        | 3 |  3.0
Axes           | |  3.3
Throwing       | |  2.4

Action                     || total
---------------------------++-------
  Melee: War axe           ||    64
         Punch             ||     1
  Throw: Boomerang         ||    18
 Armour: Robe              ||    26
  Dodge: Dodged            ||    64

Table legend: (Time is in decaauts)
 A = Elapsed time spent in this place.
 B = Non-inter-level travel time spent in this place.
 C = Inter-level travel time spent in this place.
 D = Time resting spent in this place.
 E = Time spent auto-exploring this place.
 F = Levels seen in this place.
 G = Mean time per level.
                   A        B        C        D        E       F      G
               +--------+--------+--------+--------+--------+-----+--------+
         Total |    733 |    713 |     20 |     36 |    436 |   2 |  366.5 |
       Dungeon |    733 |    713 |     20 |     36 |    436 |   2 |  366.5 |
               +--------+--------+--------+--------+--------+-----+--------+

Top non-repeatable levels by time:
     D:1: 730 daAuts
     D:2: 2 daAuts
